 Dungeon Crawl Stone Soup version 0.30-a0-782-ge64f9170bb (webtiles) character file.

Game seed: 8197481690195767868

29208 Crownlay the Geomancer (level 13, -30/82 HPs)
             Began as a Gargoyle Earth Elementalist on Mar 18, 2023.
             Was an Elder of Vehumet.
             Killed by an exploding elephant (59 damage)
             ... ignited by their inner flame
             ... on level 1 of the Lair of Beasts.
             The game lasted 00:33:23 (15521 turns).

Crownlay the Geomancer (GrEE)                      Turns: 15521, Time: 00:33:24

Health: -30/82     AC: 19    Str: 12    XL:     13   Next: 43%
Magic:  23/26      EV: 11    Int: 33    God:    Vehumet [****..]
Gold:   411        SH:  0    Dex: 10    Spells: 11/30 levels left

rFire   . . .      SeeInvis +    J - staff of earth
rCold   . . .      Faith    .    (no shield)
rNeg    + . .      Spirit   .    T - +1 robe "Ynen Sub" {+Inv rElec SInv}
rPois   ∞          Reflect  .    l - +0 helmet
rElec   +          Harm     .    B - +2 cloak
rCorr   .          Rampage  +    (no gloves)
Will    .....                    L - +2 pair of boots {Fly}
Stlth   ++                       W - amulet "Zami" {Acrobat Rampage rElec}
HPRegen 0.33/turn                S - +6 ring of intelligence
MPRegen 0.20/turn                P - +6 ring of intelligence

@: flying
A: sickness immunity, AC +9, negative energy resistance 1, electricity
resistance, torment resistance 1, petrification resistance
a: Renounce Religion, Evoke Invisibility


You were on level 1 of the Lair of Beasts.
You worshipped Vehumet.
Vehumet was greatly pleased with you.
You visited 2 branches of the dungeon, and saw 13 of its levels.
You also visited: Gauntlet.

You collected 802 gold pieces.
You spent 391 gold pieces at shops.

Inventory:

Hand Weapons
 h - a +7 dagger of holy wrath
 X - the +6 arbalest "Damnation" {damnation}
   (You took it off a minotaur in a Gauntlet)
 Y - the +8 rapier of Cheibriados, Scorching {spect, *Slow rElec Int+7}
   (You took it off a minotaur in a Gauntlet)

   Int:       It affects your intelligence (+7).
   rElec:     It insulates you from electricity.
   *Slow:     It may slow you when you take damage.
Armour
 f - the +4 robe of Folly {Brill Will-∞ Int+8}
   (You found it in a Gauntlet)

   Brill:     It increases the power of your magical spells and halves their MP
   cost (rounding up).
   Will-∞: It reduces your willpower to zero.
   Int:       It affects your intelligence (+8).
 l - a +0 helmet (worn)
 B - a +2 cloak (worn)
 D - a +0 kite shield
 L - a +2 pair of boots of flying (worn)
 Q - a +2 robe of resistance
 T - the +1 robe "Ynen Sub" (worn) {+Inv rElec SInv}
   (You took it off a deep elf zephyrmancer on level 12 of the Dungeon)

   rElec:     It insulates you from electricity.
   SInv:      It lets you see invisible.
   +Inv:      It lets you turn invisible.
Magical Staves
 J - a staff of earth (weapon)
 V - a staff of conjuration
Jewellery
 o - a ring of ice
 A - a ring of willpower
 G - a ring of protection from fire
 P - a +6 ring of intelligence (right hand)
 S - a +6 ring of intelligence (left hand)
 U - the ring "Vuzedalu" {Will+ rCorr}
   (You found it in a Gauntlet)

   [ring of resist corrosion]

   rCorr:     It protects you from acid and corrosion.
   Will:      It increases your willpower.
 W - the amulet "Zami" (around neck) {Acrobat Rampage rElec}
   (You found it in a Gauntlet)

   [amulet of the acrobat]

   It increases your evasion while moving and waiting.
   rElec:     It insulates you from electricity.
   Rampage:   It bestows one free step when moving towards enemies.
Wands
 m - a wand of flame (9)
 n - a wand of mindburst (58)
 t - a wand of paralysis (32)
 F - a wand of polymorph (5)
 K - a wand of digging (2)
 R - a wand of iceblast (5)
Scrolls
 c - 3 scrolls of amnesia
 d - a scroll of poison {unknown}
 e - 9 scrolls of teleportation
 g - a scroll of immolation
 u - 3 scrolls of fog
 w - 2 scrolls of brand weapon
 y - 2 scrolls of butterflies
 C - a scroll of acquirement {unknown}
 H - a scroll of blinking {unknown}
 M - a scroll of torment {unknown}
 N - a scroll of magic mapping
Potions
 a - 2 potions of mutation
 b - a potion of magic
 j - 2 potions of berserk rage
 k - 4 potions of curing
 q - 2 potions of resistance
 r - a potion of heal wounds
 s - a potion of ambrosia {unknown}
 v - 2 potions of might
 x - 4 potions of lignification
 z - a potion of cancellation {unknown}
 E - 2 potions of flight
 I - 3 potions of haste
 O - a potion of attraction {unknown}


   Skills:
 + Level 9.9 Fighting
 - Level 1.5 Dodging
 - Level 2.1 Stealth
 + Level 8.8 Shields
 + Level 9.2 Spellcasting
 - Level 10.0 Conjurations
 - Level 6.0 Summonings
 - Level 0.7 Transmutations
 + Level 8.0 Fire Magic
 + Level 11.7 Earth Magic


You had 11 spell levels left.
You knew the following spells:

 Your Spells              Type           Power      Damage    Failure   Level
a - Sandblast             Erth           100%       2d20      1%          1
b - Stone Arrow           Conj/Erth      100%       3d13      1%          3
c - Fireball              Conj/Fire      32%        3d14      1%          5
d - Starburst             Conj/Fire      32%        6d10      3%          6
e - Petrify               Tmut/Erth      71%        N/A       2%          4

Your spell library contained the following spells:

 Spells                   Type           Power      Damage    Failure   Level
 Freezing Cloud           Conj/Ice/Air   18%        6-21      6%          5
 Foxfire                  Conj/Fire      100%       2x1d9     1%          1
 Kiss of Death            Conj/Necr      100%       2d13      1%          1
 Magic Dart               Conj           100%       1d8       1%          1
 Call Imp                 Summ           53%        N/A       1%          2
 Passwall                 Tmut/Erth      59%        N/A       1%          2
 Poisonous Vapours        Pois/Air       30%        N/A       1%          2
 Inner Flame              Hex/Fire       41%        N/A       1%          3
 Mephitic Cloud           Conj/Pois/Air  37%        N/A       1%          3
 Flame Wave               Conj/Fire      65%        2d15      1%          4
 Sticky Flame             Conj/Fire      65%        2d8       1%          4
 Sting                    Tmut/Pois      68%        1d6       2%          1
 Olgreb's Toxic Radiance  Pois           15%        N/A       9%          4
 Confusing Touch          Hex            15%        N/A       10%         3
 Dispel Undead            Necr           15%        3d10      30%         4
 Ignition                 Fire           31%        3d10      85%         8
 Ozocubu's Refrigeration  Ice            7%         4d9       99%         7


Dungeon Overview and Level Annotations

Branches:
Dungeon (12/15)            Temple (0/1) D:7            Lair (1/5) D:10
    Orc (0/2) D:12        Gauntlet (visited)

Altars:
Ashenzari
Dithmenos
Fedhas
Gozag
Hepliaklqana
Kikubaaqudgha
Nemelex Xobeh
Okawaru
Qazlal
Sif Muna
Trog
Uskayaw
Vehumet
Yredelemnul

Shops:
D:12 !

Annotations:
D:4 1 runed translucent door
Lair:1 Nergalle


Innate Abilities, Weirdness & Mutations

You are immune to sickness and miasma.
Your stone body is resilient. (AC +9)
You are immune to poison.
You resist negative energy. (rN+)
You are resistant to electric shocks. (rElec)
You are resistant to unholy torment.
You are immune to petrification.


Message History

Nergalle gestures at the spectral orc knight while chanting.
The spectral orc knight seems to speed up.
The elephant is engulfed in blazing flames.
Flame seeps out of the elephant.
The spectral orc knight is engulfed in blazing flames.
Okay, then.
Okay, then.
You feel much better.
You are engulfed in blazing flames.
Urug is engulfed in blazing flames.
Flame seeps out of Urug.
The yak is engulfed in blazing flames.
Vehumet accepts your kill.
You feel your power returning.
The yak explodes!
The fiery explosion engulfs the spectral orc warrior!
The spectral orc warrior is heavily damaged.
The fiery explosion engulfs Urug!!
Vehumet accepts your kill.
The fiery explosion engulfs the yak!!
Flame seeps out of the yak.
The yak is almost dead.
The fiery explosion engulfs the spectral orc knight!
The spectral orc knight is severely damaged.
Urug explodes!
The fiery explosion engulfs the yak!!
Vehumet accepts your kill.
You feel your power returning.
The fiery explosion engulfs the elephant!!!
Vehumet accepts your kill.
You feel your power returning.
The fiery explosion engulfs the spectral orc knight!!
You destroy the spectral orc knight!
The spectral orc knight disappears in a puff of smoke!
The fiery explosion engulfs the spectral orc knight.
The spectral orc knight is severely damaged.
The elephant explodes!
The fiery explosion engulfs the spectral orc knight!!
You destroy the spectral orc knight!
The spectral orc knight disappears in a puff of smoke!
The fiery explosion engulfs you!!!
Ouch! That really hurt!
You die...

,,.....*#.......##
,**..#.,#.......#
,**,...##.......#
,****#..........##
,,* #.........oP#
,** #....Y....Y##
,* #......§§§§# ,*
####...Z○§°## **
########@# ###


You could see an elephant (inner flame), Nergalle (inner flame), a spectral orc
warrior (summoned) and a yak.

Vanquished Creatures
  A sphinx (shapeshifter) (D:12)
  A minotaur (Gauntlet)
  A catoblepas (Lair:1)
  4 two-headed ogres
  A centaur warrior (D:10)
  Urug (Lair:1)
  4 sixfirhies (Gauntlet)
  6 deep elf zephyrmancers (D:12)
  An orc knight (D:12)
  3 deep elf pyromancers
  A cyclops (D:11)
  3 ugly things (D:12)
  2 manticores (D:11)
  2 elephants (Lair:1)
  Maurice (D:9)
  A black mamba (Lair:1)
  Joseph (D:7)
  A gargoyle (D:11)
  Maggie (D:9)
  2 kobold demonologists
  A rime drake (D:10)
  An unseen horror (D:11)
  3 komodo dragons
  2 trolls
  5 shadows
  A vampire (D:12)
  A water elemental (D:12)
  4 wyverns
  Grum (D:8)
  A fire bat (D:6)
  26 yaks
  3 steam dragons
  3 vampire mosquitoes (D:12)
  A water moccasin (Lair:1)
  2 acid dragons
  4 orc warriors
  2 sky beasts
  4 ice beasts
  A black bear (D:6)
  7 wolves
  An ogre (D:6)
  A centaur (D:7)
  2 bullfrogs (Lair:1)
  3 gnoll sergeants
  3 kobold brigands
  2 necrophages
  2 scorpions
  8 wights
  12 killer bees
  5 howler monkeys
  A hound (D:6)
  7 orc priests
  5 jellies
  A gnoll bouda (D:8)
  Jessica (D:2)
  4 iguanas
  13 orc wizards
  Robin (D:2)
  21 gnolls
  6 adders
  2 shadow imps
  3 worms
  2 dart slugs (D:3)
  34 orcs
  9 endoplasms
  4 giant cockroaches
  9 goblins
  14 hobgoblins
  14 kobolds
  5 quokkas
  3 ball pythons
  7 bats
  A frilled lizard (D:1)
  A kobold zombie (D:4)
  5 rats
323 creatures vanquished.

Vanquished Creatures (others)
  5 bushes (D:10)
  A fungus (Lair:1)
  18 plants
  22 withered plants (Gauntlet)
46 creatures vanquished.

Grand Total: 369 creatures vanquished

Notes
Turn   | Place    | Note
-------+----------+-------------------------------------------
     0 | D:1      | Crownlay the Gargoyle Earth Elementalist began the quest
                  | for the Orb.
     0 | D:1      | Reached XP level 1. HP: 10/10 MP: 3/3
   107 | D:1      | Reached skill level 4 in Earth Magic
   170 | D:1      | Reached XP level 2. HP: 14/15 MP: 0/5
   617 | D:1      | Found a faded altar of an unknown god.
   949 | D:2      | Noticed Robin
   950 | D:2      | Reached XP level 3. HP: 19/19 MP: 2/6
  1097 | D:2      | Killed Robin
  1098 | D:2      | Reached skill level 5 in Earth Magic
  1208 | D:2      | Reached XP level 4. HP: 15/24 MP: 5/8
  1351 | D:2      | Learned a level 3 spell: Stone Arrow
  1455 | D:2      | Noticed Jessica
  1457 | D:2      | Killed Jessica
  1616 | D:2      | Found a hazy altar of Hepliaklqana.
  2002 | D:3      | Found a shadowy altar of Dithmenos.
  2013 | D:3      | Reached XP level 5. HP: 19/28 MP: 4/9
  2017 | D:3      | Reached skill level 6 in Earth Magic
  2337 | D:3      | Found a blossoming altar of Fedhas.
  2472 | D:3      | Found a bloodstained altar of Trog.
  2911 | D:4      | Found an iron altar of Okawaru.
  3033 | D:4      | Found a radiant altar of Vehumet.
  3048 | D:4      | Became a worshipper of Vehumet
  3181 | D:4      | Reached skill level 7 in Earth Magic
  3181 | D:4      | Reached XP level 6. HP: 32/32 MP: 8/11
  3476 | D:4      | Found a runed translucent door.
  3476 | D:4      | Noticed a human
  3479 | D:4      | Found a basalt altar of Yredelemnul.
  3696 | D:5      | Entered Level 5 of the Dungeon
  3707 | D:5      | Found an opulent altar of Gozag.
  3922 | D:5      | Noticed a steam dragon
  3928 | D:5      | Killed a steam dragon
  3929 | D:5      | Reached skill level 1 in Fighting
  3929 | D:5      | Reached skill level 1 in Conjurations
  3929 | D:5      | Reached skill level 1 in Summonings
  3929 | D:5      | Reached skill level 1 in Fire Magic
  3929 | D:5      | Reached XP level 7. HP: 17/38 MP: 9/12
  4101 | D:5      | Found an ancient bone altar of Kikubaaqudgha.
  4680 | D:6      | Reached skill level 8 in Earth Magic
  4698 | D:6      | Noticed a fire bat
  4699 | D:6      | Reached XP level 8. HP: 37/44 MP: 8/14
  4739 | D:6      | Found a transporter.
  4914 | D:6      | Reached * piety under Vehumet
  4914 | D:6      | Offered knowledge of Foxfire by Vehumet.
  5190 | D:6      | Found a transporter.
  5434 | D:6      | Reached skill level 9 in Earth Magic
  5752 | D:7      | Found a broken altar of Ashenzari.
  5763 | D:7      | Reached XP level 9. HP: 39/51 MP: 7/16
  5915 | D:7      | Reached skill level 5 in Spellcasting
  6238 | D:7      | Noticed Joseph
  6251 | D:7      | Killed Joseph
  6449 | D:7      | Reached skill level 10 in Earth Magic
  6524 | D:7      | Found a staircase to the Ecumenical Temple.
  6906 | D:7      | Reached skill level 1 in Shields
  7184 | D:8      | Reached skill level 5 in Fighting
  7304 | D:8      | Reached XP level 10. HP: 59/59 MP: 16/18
  7674 | D:8      | Reached skill level 5 in Conjurations
  7700 | D:8      | Offered knowledge of Static Discharge by Vehumet.
  7732 | D:8      | Reached ** piety under Vehumet
  7739 | D:8      | Noticed Grum
  7758 | D:8      | Killed Grum
  8060 | D:8      | Found a sparkling altar of Nemelex Xobeh.
  8082 | D:8      | Learned a level 5 spell: Fireball
  8161 | D:9      | Noticed Maggie
  8165 | D:9      | Killed Maggie
  8166 | D:9      | Reached skill level 5 in Fire Magic
  8254 | D:9      | Noticed a two-headed ogre
  8261 | D:9      | Killed a two-headed ogre
  8339 | D:9      | Noticed Maurice
  8349 | D:9      | Killed Maurice
  8519 | D:9      | Offered knowledge of Kindle Blastsparks by Vehumet.
  8534 | D:9      | Reached XP level 11. HP: 55/66 MP: 7/21
  8797 | D:9      | Reached *** piety under Vehumet
  8801 | D:9      | Reached skill level 5 in Shields
  9124 | D:9      | Found a stormy altar of Qazlal.
  9300 | D:9      | Found a hide-covered altar of Uskayaw.
  9472 | D:9      | Found a faded altar of an unknown god.
  9473 | D:9      | Found a hazy altar of Hepliaklqana.
  9700 | D:10     | Entered Level 10 of the Dungeon
 10019 | D:10     | Noticed a two-headed ogre
 10024 | D:10     | Killed a two-headed ogre
 10043 | D:10     | Noticed a centaur warrior
 10052 | D:10     | Killed a centaur warrior
 10052 | D:10     | Offered knowledge of Airstrike by Vehumet.
 10300 | D:10     | Reached **** piety under Vehumet
 10433 | D:10     | Found a staircase to the Lair.
 10960 | D:11     | Noticed a cyclops
 10966 | D:11     | Killed a cyclops
 11065 | D:11     | Offered knowledge of Ignite Poison by Vehumet.
 11066 | D:11     | Reached XP level 12. HP: 73/73 MP: 19/23
 11117 | D:11     | Reached skill level 10 in Conjurations
 11176 | D:11     | Noticed a two-headed ogre
 11182 | D:11     | Killed a two-headed ogre
 11219 | D:11     | Found a shimmering blue altar of Sif Muna.
 12306 | D:11     | Learned a level 6 spell: Starburst
 12934 | D:12     | Reached skill level 5 in Summonings
 13165 | D:12     | Identified the +1 robe "Ynen Sub" {+Inv rElec SInv}
 13174 | D:12     | Noticed a two-headed ogre
 13184 | D:12     | Killed a two-headed ogre
 13185 | D:12     | Reached skill level 11 in Earth Magic
 13360 | D:12     | Found Moetym's Distillery.
 13472 | D:12     | Bought a potion of invisibility for 136 gold pieces
 13472 | D:12     | Bought a potion of berserk rage for 85 gold pieces
 13472 | D:12     | Bought a potion of haste for 170 gold pieces
 13512 | D:12     | Noticed an alligator snapping turtle
 13521 | D:12     | an alligator snapping turtle changed into a sphinx
 13521 | D:12     | Noticed a sphinx (shapeshifter)
 13530 | D:12     | HP: 1/76 [sphinx (shapeshifter) (17)]
 13532 | D:12     | Killed a sphinx
 13532 | D:12     | Reached ***** piety under Vehumet
 13533 | D:12     | Reached XP level 13. HP: 1/80 MP: 5/25
 14300 | D:12     | Found a staircase to the Orcish Mines.
 14454 | Lair:1   | Entered Level 1 of the Lair of Beasts
 14507 | Lair:1   | Offered knowledge of Freezing Cloud by Vehumet.
 14517 | Lair:1   | Found a gate leading to a gauntlet.
 14527 | Gauntlet | Entered a Gauntlet
 14527 | Gauntlet | Found a transporter.
 14527 | Gauntlet | Found a transporter.
 14593 | Gauntlet | Found a transporter.
 14596 | Gauntlet | Found a transporter.
 14596 | Gauntlet | Found a transporter.
 14610 | Gauntlet | Found a transporter.
 14631 | Gauntlet | Found a transporter.
 14631 | Gauntlet | Found a transporter.
 14654 | Gauntlet | Found a transporter.
 14675 | Gauntlet | Found a transporter.
 14681 | Gauntlet | Found a transporter.
 14699 | Gauntlet | Found a transporter.
 14890 | Gauntlet | Identified the amulet "Zami" {Acrobat Rampage rElec}
 15119 | Gauntlet | Identified the ring "Vuzedalu" {Will+ rCorr}
 15168 | Gauntlet | Identified the +8 rapier of Cheibriados, Scorching {spect,
                  | *Slow rElec Int+7}
 15168 | Gauntlet | Noticed a minotaur
 15176 | Gauntlet | Learned a level 4 spell: Petrify
 15192 | Gauntlet | Found the +4 robe of Folly {Brill Will-∞ Int+8}
 15193 | Gauntlet | Killed a minotaur
 15510 | Lair:1   | Noticed Urug
 15513 | Lair:1   | Noticed Nergalle
 15520 | Lair:1   | HP: 2/82 [cloud of flame (18)]
 15521 | Lair:1   | Killed Urug
 15521 | Lair:1   | Killed by an exploding elephant... ignited by their inner
                  | flame

Illustrated notes

Levels and vault maps discovered:
D:1:      eino_arrival_water_cross, layout_loops_ring,
          hellmonk_ecumenical_altar_pennies_from_heaven
D:2:      layout_loops_cross, basic_altar, uniq_robin, uniq_jessica
D:3:      minmay_wonky_spiral, layout_rooms,
          mainiacjoe_overflow_six_doors_small, lemuel_doored_altar,
          nicolae_dithmenos_shadow_blocks, serial_forest,
          infiniplex_forest_clump_diagonal, infiniplex_forest_clump_small,
          infiniplex_forest_lined_room_2, infiniplex_forest_clump_tiny,
          infiniplex_forest_straight_5, infiniplex_forest_clump_medium
D:4:      layout_basic, mainiacjoe_overflow_catwalk, okawaru_metal_pillars_1_2,
          dk_yredelemnul_ordeal, kennysheep_pointless_box,
          kennysheep_generic_room_13
D:5:      layout_cave_pods, nicolae_overflow_crystal_walls,
          nicolae_gozag_cash_rules_everything_around_me
D:6:      gammafunk_cloud_chamber, layout_rooms, minmay_small_thing
D:7:      layout_loops_ring, mainiacjoe_overflow_cross_hatched,
          minmay_temple_entry_fiery, uniq_joseph
D:8:      layout_basic, nemelex_spade_bored_becter, uniq_grum
D:9:      layout_irregular_city, beargit_hepliaklqana_dungeon_heroes,
          nicolae_overflow_hidden_temple, lemuel_tele_altar, uniq_maurice,
          uniq_maggie
D:10:     layout_loops_ring, hellmonk_lair_entry_icy, minmay_hedge_maze
D:11:     layout_stronghold, nicolae_sif_muna_condensation
D:12:     layout_irregular_city, erik_orc_2, serial_shops,
          nicolae_stop_n_shop_2, chequers_decorated_corner, elves_outpost_lemuel
Lair:1:   wad_woods_04, layout_gridlike, gauntlet_entry_generic, uniq_urug,
          uniq_nergalle

Skill      XL: |  1  2  3  4  5  6  7  8  9 10 11 12 13 |
---------------+----------------------------------------+-----
Earth Magic    | 4 5 7 8 9 10 11 | 11.7
Spellcasting   | 3 4 5 6 7 8 9 |  9.2
Fighting       | 1 2 3 5 6 8 9 |  9.9
Conjurations   | 1 2 3 4 7 9 10 | 10.0
Summonings     | 1 2 4 5 6 |  6.0
Fire Magic     | 1 2 3 4 6 7 8 |  8.0
Shields        | 2 4 6 8 |  8.8
Dodging        | |  1.5
Stealth        | |  2.1
Transmutations | |  0.7

Action                     |  1- 3 |  4- 6 |  7- 9 | 10-12 | 13-15 || total
---------------------------+-------+-------+-------+-------+-------++-------
  Melee: Unarmed           |     4 |       |       |       |       ||     4
         Mace              |     7 |       |       |       |       ||     7
         Dagger            |       |     3 |       |     3 |       ||     6
   Cast: Sandblast         |    50 |    75 |   133 |   359 |    49 ||   666
         Stone Arrow       |       |       |    11 |    23 |    23 ||    57
         Fireball          |       |       |       |     2 |       ||     2
         Starburst         |       |       |       |       |     3 ||     3
         Petrify           |       |       |       |       |     1 ||     1
  Evoke: Wand              |       |       |       |     4 |       ||     4
    Use: Scroll            |       |     8 |     5 |     7 |     6 ||    26
         Potion            |       |       |       |       |     4 ||     4
   Stab: Sleeping          |     1 |       |       |       |       ||     1
 Armour: Robe              |    23 |    10 |    28 |    59 |    56 ||   176
         Animal skin       |       |       |       |    76 |       ||    76
  Dodge: Dodged            |    44 |    27 |    44 |   156 |    47 ||   318

Table legend: (Time is in decaauts)
 A = Elapsed time spent in this place.
 B = Non-inter-level travel time spent in this place.
 C = Inter-level travel time spent in this place.
 D = Time resting spent in this place.
 E = Time spent auto-exploring this place.
 F = Levels seen in this place.
 G = Mean time per level.
                   A        B        C        D        E       F      G
               +--------+--------+--------+--------+--------+-----+--------+
         Total |  15861 |  15258 |    603 |    503 |  12196 |  14 | 1132.9 |
       Dungeon |  14779 |  14176 |    603 |    343 |  11675 |  12 | 1231.6 |
          Lair |    223 |    223 |      0 |      0 |     95 |   1 |  223.0 |
      Gauntlet |    858 |    858 |      0 |    160 |    426 |   1 |  858.0 |
               +--------+--------+--------+--------+--------+-----+--------+

Top non-repeatable levels by time:
    D:12: 1855 daAuts
    D:11: 1706 daAuts
     D:9: 1594 daAuts
     D:7: 1338 daAuts
    D:10: 1310 daAuts
     D:1: 1209 daAuts
     D:8: 1187 daAuts
     D:6: 1024 daAuts
     D:5: 997 daAuts
     D:4: 891 daAuts
     D:3: 863 daAuts
Gauntlet: 858 daAuts
     D:2: 799 daAuts
  Lair:1: 223 daAuts
